 Dungeon Crawl Stone Soup version 0.30.1-11-g7821555f0a (webtiles) character file.

Game seed: 17737383533877190887

31 CaptainMV the Magician (level 3, -1/32 HPs)
             Began as a Naga Wanderer on Nov 7, 2023.
             Slain by a gnoll
             ... wielding a +0 flail
              (10 damage)
             ... on level 2 of the Dungeon.
             The game lasted 00:04:02 (398 turns).

CaptainMV the Magician (Naga Wanderer)               Turns: 398, Time: 00:04:03

Health: -1/32      AC:  2    Str: 17    XL:     3   Next: 22%
Magic:  0/6        EV:  8    Int: 13    God:
Gold:   74         SH:  3    Dex:  8    Spells: 6/7 levels left

rFire   . . .        a - +1 hand axe
rCold   . . .        b - +0 buckler
rNeg    . . .        d - +0 leather armour
rPois   +            (no helmet)
rElec   .            (no cloak)
rCorr   .            (no gloves)
SInv    +            (no barding)
Will    .....        (no amulet)
Stlth   +            (no ring)
HPRegen 0.25/turn    (no ring)
MPRegen 0.10/turn

%: no passive effects
@: invisible, very slow
A: AC +1, large, see invisible, deformed body, poison resistance, slowness 2,
spit poison 1, naga tail 1
a: Spit Poison


You were on level 2 of the Dungeon.
You visited 1 branch of the dungeon, and saw 2 of its levels.

You collected 74 gold pieces.

Inventory:

Hand Weapons
 a - a +1 hand axe (weapon)
Armour
 b - a +0 buckler (worn)
 d - a +0 leather armour (worn)
Scrolls
 c - a scroll of silence
Potions
 f - a potion of might {unknown}


   Skills:
 + Level 2.0 Fighting
 + Level 1.0 Axes
 + Level 0.5 Armour
 + Level 1.0 Dodging
 + Level 1.9 Shields
 + Level 2.6 Spellcasting
 + Level 2.5 Necromancy


You had 6 spell levels left.
You knew the following spells:

 Your Spells              Type           Power      Damage    Failure   Level
a - Necrotise             Necr           32%        1d5       13%         1

Your spell library contained the following spells:

 Spells                   Type           Power      Damage    Failure   Level
 Sublimation of Blood     Necr           8%         N/A       21%         2
 Cigotuvi's Dreadful Rot  Necr/Pois/Air  6%         N/A       38%         2


Dungeon Overview and Level Annotations

Branches:
Dungeon (2/15)

Altars:


Innate Abilities, Weirdness & Mutations

Your serpentine skin is tough. (AC +1)
You have supernaturally acute eyesight. (SInv)
Armour fits poorly on your strangely shaped body.
Your system is resistant to poisons. (rPois)
You cover ground very slowly.
You can spit poison.
You have a snake-like lower body.


Message History

The ball python hisses angrily.
The bat hits your adder skeleton.
Casting: Necrotise (safe; 17% risk of failure)
Confirm with . or Enter, or press ? or * to list all spells.
Aiming: Necrotise (safe; 17% risk of failure)
Press: ? - help, Shift-Dir - straight line, f - bat
Aim: a bat (ally target, chance to affect: 71%)
The bat writhes in agony.
The bat barely misses you.
Your adder skeleton bites the bat.
The bat dies!
The gnoll hits your adder skeleton with a +0 flail!
Your adder skeleton is destroyed!
You hit the gnoll.
The gnoll is moderately wounded.
The gnoll hits you with a +0 club.
An endoplasm comes into view.
The endoplasm quivers.
You hit the gnoll.
The gnoll is severely wounded.
The gnoll hits you with a +0 club. The ball python bites you.
* * * LOW HITPOINT WARNING * * *
Casting: Necrotise (safe; 17% risk of failure)
Confirm with . or Enter, or press ? or * to list all spells.
Aiming: Necrotise (safe; 17% risk of failure)
Press: ? - help, Shift-Dir - straight line, f - gnoll
Aim: a gnoll, wielding a +0 club (severely wounded, chance to affect: 62%)
The gnoll resists with significant effort.
The gnoll barely misses you. x2
The ball python bites you but does no damage.
You slash the gnoll!
You kill the gnoll!
You closely miss the ball python. You completely miss the gnoll.
The gnoll barely misses you. The ball python barely misses you.
You have reached level 3!
Your experience leads to an increase in your attributes!
Increase (S)trength, (I)ntelligence, or (D)exterity?
You feel clever. x2; Your skin feels tougher.
You fade into invisibility!
The gnoll hits you with a +0 flail!
You die...

#.. #.. ...
.##.. .....#
......####
#......J.#######
#S@......#
#g)......#
#........#
#........#
#........# .
#........# ..
#....>...# ...
##........# ....
#..###...##


You could see a gnoll (unable to see you), an endoplasm and a ball python
(unable to see you).

Vanquished Creatures
  A gnoll (D:2)
  An adder (D:2)
  A dart slug (D:1)
  A ball python (D:1)
  2 endoplasms (D:1)
  A goblin (D:1)
  A rat (D:1)
8 creatures vanquished.

Vanquished Creatures (collateral kills)
  A dart slug (D:2)
  A bat (D:2)
2 creatures vanquished.

Grand Total: 10 creatures vanquished

Notes
Turn   | Place    | Note
-------+----------+-------------------------------------------
     0 | D:1      | CaptainMV the Naga Wanderer began the quest for the Orb.
     0 | D:1      | CaptainMV set off with the following items: a +0 hand axe,
                  | a +0 buckler, a scroll of silence, a +0 leather armour; and
                  | the following spell memorised: Necrotise; and the following
                  | spells available to memorise: Sublimation of Blood,
                  | Cigotuvi's Dreadful Rot.
     0 | D:1      | Reached XP level 1. HP: 19/19 MP: 3/3
    70 | D:1      | Reached XP level 2. HP: 16/26 MP: 0/5
    82 | D:1      | Found a faded altar of an unknown god.
   398 | D:2      | Reached XP level 3. HP: 8/32 MP: 0/6
   398 | D:2      | Slain by a gnoll

Illustrated notes

Levels and vault maps discovered:
D:1:      ldierk_walled_garden_2, layout_loops_ring,
          shapermc_ecumenical_altar_notcrosses
D:2:      layout_rooms, uniq_jessica

Action                     || total
---------------------------++-------
  Melee: Hand axe          ||    17
   Cast: Necrotise         ||    15
    Use: Scroll            ||     4
         Potion            ||     1
 Armour: Leather armour    ||     5
  Dodge: Dodged            ||    14
  Block: Buckler           ||     5
